 Dungeon Crawl Stone Soup version 0.32-a0-460-gc8eefc9 (webtiles) character file.

Game seed: 12608062963735985213

359 Remcycle the Ruffian (level 6, -5/53 HPs)
             Began as a Troll Monk on Feb 24, 2024.
             Was an Elder of Hepliaklqana.
             Slain by Pikel
             ... wielding a +1 whip of flaming
              (8 damage)
             ... on level 4 of the Dungeon.
             The game lasted 00:07:33 (2947 turns).

Remcycle the Ruffian (Troll Monk)                   Turns: 2947, Time: 00:07:34

Health: -5/53      AC:  5    Str: 20    XL:     6   Next: 37%
Magic:  5/5        EV: 11    Int:  6    God:    Hepliaklqana [****..]
Gold:   159        SH:  5    Dex: 21    Spells: 5/5 levels left

rFire   . . .        j - +4 hammer of the First Heavens {venom, ^Fragile rC+ Dex+7}
rCold   + . .        c - orb {light}
rNeg    . . .        a - +0 robe
rPois   .            (helmet restricted)
rElec   .            l - +0 cloak
rCorr   +            (gloves unavailable)
SInv    .            (boots unavailable)
Will    .....        n - amulet of reflection
Stlth   +            k - ring of resist corrosion
HPRegen 1.08/turn    (no ring)
MPRegen 0.09/turn

%: reflection
@: glowing
A: reduced essence, large, unfitting armour, claws 3, regeneration 1, shaggy fur
1, tough skin 1
a: Renounce Religion, Recall Ancestor, Ancestor Identity, Transference, Idealise


You were on level 4 of the Dungeon.
You worshipped Hepliaklqana.
Hepliaklqana was greatly pleased with you.
You visited 1 branch of the dungeon, and saw 4 of its levels.

You collected 159 gold pieces.

Inventory:

Hand Weapons
 j - the +4 hammer of the First Heavens (weapon) {venom, ^Fragile rC+ Dex+7}
   (You found it on level 2 of the Dungeon)

   Dex+7:     It affects your dexterity (+7).
   rC+:       It protects you from cold.
   ^Fragile:  It will be destroyed if unequipped.
Armour
 a - a +0 robe (worn)
 c - an orb of light (worn)
 l - a +0 cloak (worn)
Jewellery
 k - a ring of resist corrosion (left claw)
 n - an amulet of reflection (around neck)
 y - a +5 ring of evasion
Wands
 t - a wand of flame (12)
Scrolls
 e - a scroll of butterflies {unknown}
 f - 3 scrolls of identify {unknown}
 g - 2 scrolls of enchant weapon {unknown}
 h - 2 scrolls of teleportation {unknown}
 m - a scroll of enchant armour {unknown}
 p - a scroll of vulnerability {unknown}
 q - 2 scrolls of revelation {unknown}
 u - a scroll of silence {unknown}
 v - a scroll of amnesia {unknown}
 x - a scroll of immolation {unknown}
Potions
 b - 3 potions of ambrosia
 d - a potion of brilliance {unknown}
 i - a potion of lignification {unknown}
 o - a potion of might {unknown}
 r - a potion of magic {unknown}
 s - a potion of curing {unknown}
 w - a potion of enlightenment {unknown}


   Skills:
 - Level 2.8 Fighting
 - Level 2.7 Dodging
 + Level 6.9 Unarmed Combat


You had 5 spell levels left.
You didn't know any spells.
Your spell library contained the following spells:

 Spells                   Type           Power      Damage    Failure   Level
 Ensorcelled Hibernation  Hex/Ice        0%         N/A       58%         2
 Scorch                   Fire           0%         2d5       58%         2
 Passwall                 Erth           0%         N/A       83%         3
 Swiftness                Air            0%         N/A       83%         3
 Flame Wave               Conj/Fire      0%         2d4       99%         4
 Summon Cactus Giant      Summ           0%         N/A       100%        6


Dungeon Overview and Level Annotations

Branches:
Dungeon (4/15)             Temple (0/1) D:4

Altars:
Hepliaklqana
Okawaru
Zin

Shops:
D:1 [

Annotations:
D:4 Pikel


Innate Abilities, Weirdness & Mutations

Your life essence is reduced to manifest your ancestor. (-10% HP)
You are too large for most types of armour.
You have claws for hands.
Your natural rate of healing is unusually fast.
You are covered in fur. (AC +1)
You have tough skin. (AC +1)


Message History

There are monsters nearby!
You thump the lemure!
The lemure is poisoned.
The lemure is moderately wounded.
The lemure barely misses you.
You sock the lemure!
The lemure looks as sick as possible!
The lemure is severely wounded.
The lemure hits you. The lemure completely misses you.
You sock the lemure!
You kill the lemure!
That felt strangely unrewarding.
You hit Pikel.
Pikel is lightly wounded.
An orc priest comes into view. It is wielding a +0 dagger.
Pikel misses you.
The orc priest mumbles some strange prayers to Beogh against you.
Beogh smites you!
Pikel hits you with a +1 whip of flaming!
* * * LOW HITPOINT WARNING * * *
Pikel burns you.
* * * LOW HITPOINT WARNING * * *
You are too injured to fight recklessly!
You are too injured to fight recklessly!
You hit Pikel but do no damage.
Pikel is poisoned.
Pikel is lightly wounded.
Pikel hits you with a +1 whip of flaming.
* * * LOW HITPOINT WARNING * * *
Pikel burns you.
* * * LOW HITPOINT WARNING * * *
You barely miss Pikel.
Pikel is lightly wounded.
Pikel hits you with a +1 whip of flaming!
* * * LOW HITPOINT WARNING * * *
Pikel burns you.
* * * LOW HITPOINT WARNING * * *
You closely miss Pikel.
Pikel is lightly wounded.
Pikel hits you with a +1 whip of flaming!
You die...
Pikel says, "Another soul for the market."
Hepliaklqana delivers you to your ancestors.

## ### ###
.##################.###########.#
...............R@.#....†........#
.################K#.#########...#
.# 5#.# #...# .# o#.# #...# .#
o#.#########...# .#####
o#..........)..# .#...#
###..########.#.#
.#...#.##########.#..######......
.'...+...........................


You could see the friendly Imuyts the hexer, Pikel (very poisoned, ally target),
a lemure, an orc priest and 2 orcs.

Vanquished Creatures
  3 lemures (D:4)
  A scorpion (D:4)
  Crazy Yiuf (D:2)
  2 bombardier beetles
  A gnoll bouda (D:4)
  An orc wizard (D:4)
  4 gnolls (D:4)
  2 adders
  6 dart slugs
  2 ribbon worms (D:2)
  2 orcs (D:4)
  5 endoplasms
  A giant cockroach (D:3)
  3 hobgoblins
  3 jackals (D:1)
  7 kobolds
  3 quokkas
  4 ball pythons
  4 bats
  4 frilled lizards
  5 goblins
  2 rats (D:2)
66 creatures vanquished.

Vanquished Creatures (collateral kills)
  2 adders
  A ribbon worm (D:4)
  An orc (D:4)
  A goblin (D:3)
  A jackal (D:1)
  A ball python (D:3)
  A kobold (D:1)
8 creatures vanquished.

Grand Total: 74 creatures vanquished

Notes
Turn   | Place    | Note
-------+----------+-------------------------------------------
     0 | D:1      | Remcycle the Troll Monk began the quest for the Orb.
     0 | D:1      | Reached XP level 1. HP: 22/22 MP: 0/0
    38 | D:1      | Found a faded altar of an unknown god.
    54 | D:1      | Prayed at the altar of an unknown god.
    54 | D:1      | Became a worshipper of Hepliaklqana the Forgotten
    54 | D:1      | Reached * piety under Hepliaklqana
    54 | D:1      | Reached ** piety under Hepliaklqana
    55 | D:1      | Remembered your ancestor Imuyts as a hexer
   138 | D:1      | Found Ecaiqav's Armour Boutique.
   192 | D:1      | Reached XP level 2. HP: 26/26 MP: 1/1
   278 | D:1      | Reached *** piety under Hepliaklqana
   715 | D:2      | Reached XP level 3. HP: 25/32 MP: 2/2
   826 | D:2      | Identified the +4 hammer of the First Heavens {venom,
                  | ^Fragile rC+ Dex+7}
   833 | D:2      | Found a runed translucent door.
   834 | D:2      | Noticed Crazy Yiuf
  1030 | D:2      | Reached skill level 4 in Unarmed Combat
  1263 | D:2      | Reached XP level 4. HP: 39/39 MP: 3/3
  1480 | D:2      | Killed Crazy Yiuf
  1752 | D:3      | Reached skill level 5 in Unarmed Combat
  1752 | D:3      | Reached XP level 5. HP: 46/46 MP: 4/4
  1791 | D:3      | Reached **** piety under Hepliaklqana
  2136 | D:4      | Found a glowing silver altar of Zin.
  2417 | D:4      | Found an iron altar of Okawaru.
  2424 | D:4      | Reached skill level 6 in Unarmed Combat
  2515 | D:4      | Reached XP level 6. HP: 50/53 MP: 5/5
  2550 | D:4      | Found a staircase to the Ecumenical Temple.
  2635 | D:4      | Found a hazy altar of Hepliaklqana.
  2929 | D:4      | Noticed Pikel
  2946 | D:4      | HP: 2/53 [Pikel/+1 whip of flaming (7)]
  2947 | D:4      | Slain by Pikel

Illustrated notes

Levels and vault maps discovered:
D:1:      nzn_arrival_depleted_hourglass, layout_basic, basic_ecumenical_altar,
          serial_shops, nicolae_shop_back_alley_shop, minivault_11,
          kennysheep_decorative_pillar, chequers_arboretum
D:2:      layout_loops_ring, nrook_uturn, dreamdust_wishing_well,
          minmay_misc_feat_doors, uniq_crazy_yiuf_cottage
D:3:      layout_loops_ring
D:4:      layout_basic, old_standard_altar, mainiacjoe_overflow_tiny_flanked,
          zin_statuary, minmay_temple_entry_hall, uniq_pikel

Skill      XL: |  1  2  3  4  5 |
---------------+----------------+-----
Unarmed Combat | 4 5 6 |  6.9
Fighting       | |  2.8
Dodging        | |  2.7

Action                     |  1- 3 |  4- 6 || total
---------------------------+-------+-------++-------
  Melee: Unarmed           |    49 |       ||    49
         Mace              |    20 |    72 ||    92
 Invoke: Ancestor Life: He |     1 |       ||     1
         Ancestor Identity |     1 |       ||     1
   Stab: Sleeping          |     1 |       ||     1
         Distracted        |       |     2 ||     2
         Confused          |       |     4 ||     4
 Armour: Robe              |    24 |    48 ||    72
  Dodge: Dodged            |    37 |    42 ||    79

Table legend: (Time is in decaauts)
 A = Elapsed time spent in this place.
 B = Non-inter-level travel time spent in this place.
 C = Inter-level travel time spent in this place.
 D = Time resting spent in this place.
 E = Time spent auto-exploring this place.
 F = Levels seen in this place.
 G = Mean time per level.
                   A        B        C        D        E       F      G
               +--------+--------+--------+--------+--------+-----+--------+
         Total |   2978 |   2899 |     79 |      0 |   2444 |   4 |  744.5 |
       Dungeon |   2978 |   2899 |     79 |      0 |   2444 |   4 |  744.5 |
               +--------+--------+--------+--------+--------+-----+--------+

Top non-repeatable levels by time:
     D:2: 867 daAuts
     D:4: 842 daAuts
     D:1: 677 daAuts
     D:3: 590 daAuts
